 Dungeon Crawl Stone Soup version 0.28-a0-1506-g3893175d92 (webtiles) character file.

Game seed: 5517503829351801089

27 parzival7114810 the Skirmisher (level 3, -1/33 HPs)
             Began as a Hill Orc Fighter on Jan 13, 2022.
             Slain by a goblin (4 damage)
             ... led by Robin
             ... on level 2 of the Dungeon.
             The game lasted 00:02:05 (2261 turns).

parzival7114810 the Skirmisher (Hill Orc Fighter)   Turns: 2261, Time: 00:02:06

Health: -1/33      AC:  6    Str: 20    XL:     3   Next: 10%
Magic:  3/3        EV:  8    Int:  8    God:
Gold:   6          SH:  8    Dex: 10    Spells: 2/2 levels left

rFire   . . .      SeeInvis .   a - +0 war axe
rCold   . . .      Faith    .   f - +0 kite shield
rNeg    . . .      Spirit   .   b - +0 scale mail
rPois   .          Reflect  .   (no helmet)
rElec   .          Harm     .   (no cloak)
rCorr   .          Rampage  .   (no gloves)
Will    .....                   (no boots)
Stlth   ..........              (no amulet)
HPRegen 0.11/turn               (no ring)
MPRegen 0.08/turn               (no ring)

@: mighty
A: no striking features
a: no special abilities


You were on level 2 of the Dungeon.
You visited 1 branch of the dungeon, and saw 2 of its levels.

You collected 6 gold pieces.

Inventory:

Hand Weapons
 a - a +0 war axe (weapon)
Armour
 b - a +0 scale mail (worn)
 c - a +0 buckler
 f - a +0 kite shield (worn)
Potions
 h - 2 potions of mutation {unknown}


   Skills:
 + Level 4.0 Fighting
 + Level 3.3 Axes
 + Level 3.5 Armour
 + Level 0.3 Dodging
 + Level 3.5 Shields


You had 2 spell levels left.
You didn't know any spells.
Your spell library was empty.

Dungeon Overview and Level Annotations

Branches:
Dungeon (2/15)

Altars:

Annotations:
D:2 Robin


Message History

Robin says, "Bow before me, strongest of all the hobgoblins!"
Robin throws the goblin at you!
You closely miss the goblin. x3; You barely miss the goblin.
You closely miss the goblin.
A goblin comes into view. It is wielding a +0 club.
You block the goblin's attack. x2; The goblin barely misses you.
The goblin hits you but does no damage. x2; Robin throws the goblin at you!
The goblin hits you but does no damage. The goblin closely misses you. x2
The goblin hits you with a +0 dagger.
The goblin hits you but does no damage. x2
You feel very mighty all of a sudden. You block the goblin's attack.
The goblin barely misses you. The goblin hits you with a +0 dagger.
The goblin hits you but does no damage. x2
Robin throws the goblin at you! The goblin hits you but does no damage.
The goblin hits you with a +0 club. The goblin hits you with a +0 dagger.
You hit Robin.
Robin is moderately wounded.
You barely miss the goblin. You completely miss the goblin.
You slash the goblin!
You kill the goblin!
You closely miss the goblin. x2; The goblin hits you with a +0 dagger.
* * * LOW HITPOINT WARNING * * *
Robin barely misses you. The goblin barely misses you.
You block the goblin's attack. The goblin hits you with a +0 dagger.
* * * LOW HITPOINT WARNING * * *
You block the goblin's attack.
Robin zaps a wand.
The puff of flame misses you.
The puff of flame hits the goblin.
The goblin dies!
The goblin hits you but does no damage. The goblin barely misses you.
Okay, then.
You aren't carrying any scrolls.
You barely miss the goblin. You slash the goblin!
You kill the goblin!
You closely miss the goblin. You hit Robin. You miss the goblin.
You slash the goblin!
You kill the goblin!
The goblin barely misses you. Robin completely misses you.
The goblin hits you with a +0 club.
* * * LOW HITPOINT WARNING * * *
You block the goblin's attack. The goblin hits you with a +0 club.
You die...

#.....##.####.
#.####........
#.............
.######.#.##...
........#......
.##......####
.........+
......)gg#
......g@g#
.......gg#
.........#
...######. ...
.. .. ... ####


You could see Robin and 5 goblins.

Vanquished Creatures
  3 bats (D:1)
  3 endoplasms (D:1)
  5 goblins
  5 hobgoblins
  2 quokkas (D:1)
  3 ball pythons (D:1)
  2 frilled lizards (D:1)
  A kobold (D:1)
  2 rats (D:1)
26 creatures vanquished.

Vanquished Creatures (others)
  A goblin (D:2)
1 creature vanquished.

Grand Total: 27 creatures vanquished

Notes
Turn   | Place    | Note
-------+----------+-------------------------------------------
     0 | D:1      | parzival7114810 the Hill Orc Fighter began the quest for
                  | the Orb.
     0 | D:1      | Reached XP level 1. HP: 19/19 MP: 1/1
   434 | D:1      | Reached XP level 2. HP: 20/27 MP: 2/2
   624 | D:1      | Reached skill level 4 in Fighting
  1048 | D:1      | Found a faded altar of an unknown god.
  2252 | D:2      | Noticed Robin
  2255 | D:2      | Reached XP level 3. HP: 29/33 MP: 3/3
  2261 | D:2      | Slain by a goblin

Illustrated notes

Levels and vault maps discovered:
D:1:      dpeg_arrival_shrine, layout_loops_cross, ebering_ecumenical_altar_mist
D:2:      layout_basic, minmay_misc_feat_square,
          nicolae_concentric_dashed_squares_mild, uniq_robin

Skill      XL: |  1  2 |
---------------+-------+-----
Axes           | 3 |  3.3
Fighting       | 4 |  4.0
Armour         | |  3.5
Dodging        | |  0.3
Shields        | |  3.5

Action                   || total
-------------------------++-------
Melee: War axe           ||    71
  Use: Potion            ||     4
Armor: Scale mail        ||    57
Dodge: Dodged            ||    58
Block: Buckler           ||    17
       Kite shield       ||    15

Table legend: (Time is in decaauts)
 A = Elapsed time spent in this place.
 B = Non-inter-level travel time spent in this place.
 C = Inter-level travel time spent in this place.
 D = Time resting spent in this place.
 E = Time spent auto-exploring this place.
 F = Levels seen in this place.
 G = Mean time per level.
                   A        B        C        D        E       F      G
               +--------+--------+--------+--------+--------+-----+--------+
         Total |   2292 |   2222 |     70 |   1126 |    835 |   2 | 1146.0 |
       Dungeon |   2292 |   2222 |     70 |   1126 |    835 |   2 | 1146.0 |
               +--------+--------+--------+--------+--------+-----+--------+

Top non-repeatable levels by time:
     D:1: 2065 daAuts
     D:2: 227 daAuts
